 Dungeon Crawl Stone Soup version 0.23-a0-97-g66d73a1 (webtiles) character file.

161 tatocazan the Cutter (level 5, -5/35 HPs)
             Began as a Halfling Fighter on Aug 18, 2018.
             Slain by a hippogriff (8 damage)
             ... on level 3 of the Dungeon.
             The game lasted 00:06:07 (3325 turns).

tatocazan the Cutter (Halfling Fighter)             Turns: 3325, Time: 00:06:08

Health: -5/35      AC:  6    Str: 17    XL:     5   Next: 70%
Magic:  5/5        EV:  8    Int:  6    God:
Gold:   224        SH:  9    Dex: 15    Spells: 4/4 levels left

rFire    . . .     SeeInvis .   a - +0 rapier
rCold    . . .     Gourm    .   c - +0 shield
rNeg     . . .     Faith    .   b - +0 scale mail
rPois    .         Spirit   .   (no helmet)
rElec    .         Reflect  .   (no cloak)
rCorr    .         Harm     .   (no gloves)
MR       .....                  (no boots)
Stlth    ..........             (no amulet)
HPRegen  0.11/turn              (no ring)
MPRegen  0.09/turn              (no ring)

@: no status effects
A: small, mutation resistance 1
a: no special abilities


You were on level 3 of the Dungeon.
You were not hungry.

You visited 1 branch of the dungeon, and saw 3 of its levels.

You collected 224 gold pieces.

Inventory:

Hand Weapons
 a - a +0 rapier (weapon)
 g - a -2 short sword
Missiles
 h - 48 sling bullets
 q - 7 tomahawks (quivered)
Armour
 b - a +0 scale mail (worn)
 c - a +0 shield (worn)
Jewellery
 n - an uncursed ring of positive energy {unknown}
Scrolls
 j - 2 scrolls of teleportation {unknown}
 k - a scroll of enchant weapon {unknown}
Potions
 d - a potion of might
 e - a potion of resistance
 i - a potion of ambrosia {unknown}
 l - a potion of mutation {unknown}
 m - 2 potions of brilliance {unknown}
 o - a potion of degeneration {unknown}
 p - a potion of magic {unknown}
Comestibles
 f - a ration


   Skills:
 - Level 2.6 Fighting
 + Level 6.6 Short Blades
 - Level 3.2 Armour
 - Level 3.2 Shields


You had 4 spell levels left.
You didn't know any spells.
Your spell library was empty.

Dungeon Overview and Level Annotations

Branches:
Dungeon (3/15)

Altars:


Innate Abilities, Weirdness & Mutations

You are small and have problems with some larger weapons.
You are somewhat resistant to further mutation.


Message History

You hit the hippogriff but do no damage.
The hippogriff is lightly wounded.
The hippogriff bites you but does no damage.
You block the hippogriff's attack.
The hippogriff claws you but does no damage.
You hit the hippogriff but do no damage.
The hippogriff is lightly wounded.
You block the hippogriff's attack. The hippogriff pecks you.
The hippogriff claws you but does no damage.
Your shield prevents you from hitting the hippogriff.
The hippogriff is lightly wounded.
The hippogriff bites you!
* * * LOW HITPOINT WARNING * * *
The hippogriff pecks you.
* * * LOW HITPOINT WARNING * * *
The hippogriff completely misses you.
You hit the hippogriff.
The hippogriff is lightly wounded.
The hippogriff bites you!
You die...

#....# #.##.# #.##.# #####
#.##.. ..#.. #(.#.. ####.#.#
#####.#.. . ..#.#.# #.....'..
.. #H#.#.####.###.#.. ...
#######@#.#..........#.. .r..
#.......................
.....##.##..#.#...............
.....'....>...................
#.#.#...............#...
#.#.#...........###.#... #.#
#...####......#.#.[. #.# #...#
#......#.#.#. #.# #...
#....<.#.#.#.


You could see a hippogriff.

Vanquished Creatures
  A worker ant (D:3)
  A hound skeleton (D:3)
  6 adders
  An ooze (D:1)
  2 worms
  A dart slug (D:2)
  An orc (D:2)
  8 bats
  3 giant cockroaches
  9 goblins
  3 hobgoblins
  4 jackals (D:1)
  6 kobolds
  A ball python (D:3)
  2 frilled lizards
  10 rats
  A fungus (D:1)
60 creatures vanquished.

Notes
Turn   | Place    | Note
-------+----------+-------------------------------------------
     0 | D:1      | tatocazan the Halfling Fighter began the quest for the Orb.
     0 | D:1      | Reached XP level 1. HP: 15/15 MP: 1/1
    26 | D:1      | Reached skill level 3 in Short Blades
    55 | D:1      | Reached XP level 2. HP: 9/20 MP: 2/2
   536 | D:1      | Reached skill level 4 in Short Blades
   536 | D:1      | Reached XP level 3. HP: 25/25 MP: 3/3
  1145 | D:2      | Reached XP level 4. HP: 17/30 MP: 4/4
  1480 | D:2      | Reached skill level 5 in Short Blades
  2216 | D:3      | Reached XP level 5. HP: 34/35 MP: 5/5
  2235 | D:3      | Reached skill level 6 in Short Blades
  2541 | D:3      | Noticed a hippogriff
  3325 | D:3      | Slain by a hippogriff

Vault maps used:
D:1:      minmay_arrival_five_plusses, corexii_leaking_fountain,
          minmay_gold_behind_fungi, minmay_misc_feat_tiny

Skill      XL: |  1  2  3  4  5 |
---------------+----------------+-----
Short Blades   | 3 4 5 6 |  6.6
Fighting       | |  2.6
Armour         | |  3.2
Shields        | |  3.2

Action                   |  1- 3 |  4- 6 || total
-------------------------+-------+-------++-------
Melee: Rapier            |    58 |   106 ||   164
       Short sword       |   108 |    27 ||   135
  Use: Scroll            |     1 |     3 ||     4
  Eat: Chunk             |     1 |     7 ||     8
Armor: Scale mail        |    64 |    50 ||   114
Dodge: Dodged            |    55 |    44 ||    99
Block: Shield            |    66 |    69 ||   135

Table legend:
 A = Non-vault XP
 B = Vault XP
 C = Vault XP percentage of total XP
 D = Non-vault monster count
 E = Vault monster count
 F = Vault count percentage of total count
                 A         B        C        D         E       F
            +---------+---------+-------+---------+---------+-------
      Total |     230 |       0 |   0.0 |      59 |       0 |   0.0
            +---------+---------+-------+---------+---------+-------
        D:1 |      42 |       0 |   0.0 |      22 |       0 |   0.0
        D:2 |      69 |       0 |   0.0 |      18 |       0 |   0.0
        D:3 |     119 |       0 |   0.0 |      19 |       0 |   0.0
            +---------+---------+-------+---------+---------+-------
